 Dungeon Crawl Stone Soup version 0.21-a0-404-g291f19a (webtiles) character file.

250786 Gorice the Brawler (level 18, -6/151 HPs)
             Began as a Demonspawn Wanderer on Oct 28, 2017.
             Was the Champion of Nemelex Xobeh.
             Mangled by a vault warden
             ... wielding a +2 long sword of holy wrath
              (41 damage)
             ... on level 1 of the Vaults on Oct 30, 2017.
             The game lasted 05:14:57 (60923 turns).

Gorice the Brawler (Demonspawn Wanderer)           Turns: 60923, Time: 05:14:57

Health: -6/151     AC: 28    Str: 24    XL:     18   Next: 92%
Magic:  0/24       EV: 13    Int: 14    God:    Nemelex Xobeh [******]
Gold:   3210       SH:  0    Dex: 16    Spells: 17/17 levels left

rFire    + . .     SeeInvis .     - Unarmed
rCold    + + .     Gourm    .   (no shield)
rNeg     + + .     Faith    .   Q - +0 gold dragon scales
rPois    +         Spirit   +   M - +2 hat
rElec    +         Reflect  .   D - +2 cloak
rCorr    .         Harm     .   (gloves unavailable)
MR       +....                  (boots unavailable)
Stlth    ..........             w - amulet "Zigyile" {Spirit rElec rPois Str+4}
HPRegen  0.35/turn              O - +3 ring of evasion
MPRegen  0.19/turn              e - ring "Puxkuvuivva" {rC+ rN+ AC+2 Dex+3}

@: no status effects
A: antennae 2, claws 3, hooves 3, negative energy resistance 1, nightstalker 2,
rot immunity
}: 2/15 runes: serpentine, barnacled
a: Triple Draw, Deal Four, Stack Five, Renounce Religion


You were on level 1 of the Vaults.
You worshipped Nemelex Xobeh.
Nemelex Xobeh was exalted by your worship.
You were not hungry.

You visited 7 branches of the dungeon, and saw 33 of its levels.
You visited the Abyss 1 time.
You also visited: Ossuary and Bailey.

You collected 3425 gold pieces.
You spent 215 gold pieces at shops.

Inventory:

Hand Weapons
 B - a +0 blowgun
Missiles
 o - 22 curare-tipped needles
 z - 41 poisoned javelins (quivered)
 Z - a throwing net
Armour
 D - a +2 cloak (worn)
 M - a +2 hat (worn)
 Q - +0 gold dragon scales (worn)
Jewellery
 e - the ring "Puxkuvuivva" (right claw) {rC+ rN+ AC+2 Dex+3}
   (You found it on level 4 of the Shoals)

   [ring of protection]

   It affects your AC (+2).
   It affects your dexterity (+3).
   It protects you from cold.
   It protects you from negative energy.
 g - an uncursed ring of protection from fire
 i - the ring "Ibboh" {rC+ Int+5 SInv}
   (You found it on level 4 of the Shoals)

   [ring of see invisible]

   It affects your intelligence (+5).
   It protects you from cold.
   It lets you see invisible.
 w - the amulet "Zigyile" (around neck) {Spirit rElec rPois Str+4}
   (You found it on level 6 of the Lair of Beasts)

   [amulet of guardian spirit]

   It causes incoming damage to be split between your health and magic.
   It affects your strength (+4).
   It insulates you from electricity.
   It protects you from poison.
 F - an uncursed ring of flight
 N - an uncursed ring of positive energy
 O - a +3 ring of evasion (left claw)
Wands
 b - a wand of acid (7/15)
 l - a wand of digging (5/24)
 K - a wand of paralysis (4/24)
 Y - a wand of enslavement (10/24)
Scrolls
 a - 6 scrolls of teleportation {!r}
 r - a scroll of enchant weapon
 y - 8 scrolls of remove curse
 A - a scroll of fear {!r}
 H - 10 scrolls of identify
 I - 3 scrolls of fog
 R - 4 scrolls of magic mapping {!r}
 V - a scroll of blinking
Potions
 c - a potion of brilliance {!q}
 j - a potion of berserk rage
 k - 7 potions of heal wounds {!q}
 m - 6 potions of haste {!q}
 p - a potion of agility {!q}
 s - 2 potions of might {!q}
 u - 2 potions of cancellation {!q}
 x - 10 potions of curing
 U - 3 potions of resistance {!q}
 W - 2 potions of invisibility {!q}
Miscellaneous
 d - a legendary deck of summoning {drawn: 1}
 f - an ornate deck of summoning {drawn: 5}
 h - a legendary deck of escape
 q - an ornate deck of destruction
 E - a legendary deck of destruction
 G - a legendary deck of summoning
 J - a fan of gales
 P - a plain deck of escape {the Tomb, left: 5}
 T - an ornate deck of destruction
Comestibles
 n - 13 chunks of flesh
 L - 18 bread rations {!e}


   Skills:
 + Level 15.7 Fighting
   Level 1.7 Axes
   Level 8.0 Staves
 - Level 16.0 Armour
 - Level 8.1 Dodging
 + Level 18.2 Unarmed Combat
 - Level 8.0 Invocations
 - Level 8.0 Evocations


You had 17 spell levels left.
You didn't know any spells.

Dungeon Overview and Level Annotations

Branches:
Dungeon (15/15)            Temple (1/1) D:4            Lair (6/6) D:11
 Shoals (4/4) Lair:4        Snake (4/4) Lair:4        Slime (0/5) Lair:6
    Orc (2/2) D:12            Elf (0/3) Orc:2        Vaults (1/5) D:13
 Depths (0/5) D:15

Altars:
Ashenzari
Cheibriados
Dithmenos
Elyvilon
Fedhas
Gozag
Hepliaklqana
Kikubaaqudgha
Makhleb
Nemelex Xobeh
Okawaru
Qazlal
Ru
Sif Muna
Trog
Uskayaw
Vehumet
Wu Jian
Xom
Yredelemnul
Zin
The Shining One
Beogh

Shops:
D:4 *   D:9 [   D:11 ::?[!   D:14 [   Orc:1 %   Orc:2 *[??

Annotations:
D:4 Gorice's ghost, novice DsWn
D:7 vpUX: eeels
D:8 nikopol's ghost, novice DEFE
Lair:1 vpUX: Oklobs guarding loot, exclusion: 3 oklob plants
Shoals:1 exclusion: Roxanne, Roxanne
Orc:2 1 runed door, exclusion: 3 orange crystal statues


Innate Abilities, Weirdness & Mutations

You have a pair of antennae on your head.
You have claws for hands.
You have hooves in place of feet.
You resist negative energy. (rN+)
You are significantly more attuned to the shadows.
You are immune to rotting.


Message History

Your wyvern bites the ironbrand convoker.
Your wyvern closely misses the vault warden.
The ironbrand convoker hits your wyvern with a dire flail!
Your wyvern bites the ironbrand convoker.
The deep troll bites your wyvern. The deep troll claws your wyvern! x2
Your wyvern dies!
Your wyvern's corpse disappears in a puff of smoke!
The ironbrand convoker shouts!
You eviscerate the ironbrand convoker!!!
You kill the ironbrand convoker!
The centaur warrior wields an uncursed shortbow.
The centaur warrior shoots an arrow.
The arrow hits you.
* * * LOW HITPOINT WARNING * * *
Your wyvern bites the vault warden.
Damage: 1 (max 35)
You mangle the vault warden!!
You kick the vault warden, but do no damage.
You claw the vault warden.
The vault warden is heavily wounded.
Your wyvern barely misses the vault warden.
The centaur warrior unwields an uncursed shortbow.
The centaur warrior hits your wyvern!
Your wyvern bites the vault warden.
The vault warden hits your wyvern with a long sword of holy wrath!!!
Your wyvern dies!
Your wyvern's corpse disappears in a puff of smoke!
The brown ugly thing barely misses your wyvern.
Your wyvern bites the centaur warrior but does no damage.
The centaur warrior misses your wyvern.
Your long sword of Anethri {distort, Str+4} hits the vault warden!
Space bends around the vault warden.
Your wyvern bites the centaur warrior.
The brown ugly thing claws your wyvern!
Your wyvern is splashed with acid.
Unknown command.
Evoke which item? (* to show all) (? for menu, Esc to quit)
You draw a card...
It is the Dance.
Your long sword of Anethri {distort, Str+4} hits the deep troll!
Space warps horribly around the deep troll!
Your wyvern bites the centaur warrior.
The deep troll bites you but does no damage.
The deep troll closely misses you. The deep troll claws you.
* * * LOW HITPOINT WARNING * * *
The centaur warrior hits your long sword of Anethri {distort, Str+4}.
The ironbrand convoker hits your long sword of Anethri {distort, Str+4} with a morningstar!!
The brown ugly thing claws your wyvern!
Your wyvern dies!
Your wyvern's corpse disappears in a puff of smoke!
The vault warden hits you with a long sword of holy wrath!!!
* * * LOW HITPOINT WARNING * * *
You convulse!!!
You die...
Your body glows with a rainbow of weird colours and disappears.

#.....#.##..?..##)#
#.....#...........#
#.....#############
#.....# #.....#
#.....# #...(.#
#.....# ##########
#.@...# #.........
#pT(..# #.........
#§cpo.# #.........
#upl..# #######)#.
###+###########[e...#
#.....(.'.
........p.u.........#
#......)#.
..........p.........#
#.......#.
.p.^................#
#####...#.
............[.......#
#...'...#.


You could see a vault warden, a brown ugly thing, a centaur warrior, a deep
troll, a deep elf archer, an ironbrand convoker, a necromancer, a wyvern, an orc
and 2 friendly dancing weapons.

Vanquished Creatures
  Vashnia (Snake:3)
  A quicksilver dragon (shapeshifter) (D:15)
  A kraken (Shoals:4)
  Frances (D:13)
  5 nagarajas
  A vault warden (Vaults:1)
  An orc warlord (D:11)
  Aizul (Snake:3)
  The ghost of EvilAshe the Destroyer, a journeyman DsFE of Sif Muna (Snake:3)
  3 ironheart preservers (Vaults:1)
  Nessos (Orc:2)
  Azrael (Orc:2)
  Snorg (D:13)
  9 merfolk javelineers
  A fire dragon (shapeshifter) (D:13)
  A yaktaur captain (Vaults:1)
  8 merfolk impalers
  4 ogre magi
  A rakshasa (Vaults:1)
  13 naga warriors
  A death knight (D:13)
  2 ice dragons
  2 merfolk aquamancers
  5 hydras
  A satyr (Shoals:2)
  5 merfolk avatars
  4 anacondas
  5 centaur warriors
  2 thrashing horrors (Abyss:2)
  14 two-headed ogres
  A queen ant (Lair:3)
  2 death yaks (Lair:6)
  6 orc high priests
  Sonja (Lair:1)
  18 naga sharpshooters
  7 shock serpents
  A deep elf knight (D:11)
  5 skeletal warriors
  3 salamander mystics (Snake:2)
  4 deep trolls (Vaults:1)
  A glowing orange brain (Vaults:1)
  2 wizards (Vaults:1)
  2 unseen horrors
  9 sea snakes
  A lindwurm (Lair:6)
  8 harpies
  5 naga ritualists
  A harpy (shapeshifter) (D:15)
  A phantasmal warrior (Vaults:1)
  A lindwurm (shapeshifter) (D:13)
  9 orc knights
  An ironbrand convoker (Vaults:1)
  A necromancer (D:13)
  2 orc sorcerers (Orc:2)
  7 deep elf magi (Orc:1)
  13 cyclopes
  5 mana vipers
  9 manticores
  6 fauns
  19 ugly things
  13 salamanders
  3 elephants (Lair:5)
  An elephant (shapeshifter) (D:15)
  3 merfolk sirens
  5 torpor snails (Lair:6)
  13 black mambas
  6 water nymphs
  A black mamba (shapeshifter) (Vaults:1)
  31 naga magi
  5 spiny frogs
  4 freezing wraiths
  4 yaktaurs
  A rime drake (Lair:6)
  A yaktaur (shapeshifter) (D:15)
  An efreet (Abyss:2)
  4 komodo dragons
  6 trolls
  A queen bee (shapeshifter) (D:14)
  A tyrant leech (Lair:6)
  4 wind drakes (Shoals:4)
  18 merfolk
  11 polar bears
  5 hornets (Lair:6)
  12 dream sheep
  5 raiju (Lair:6)
  10 snapping turtles
  9 slime creatures
  14 blink frogs
  2 large abominations
  11 hippogriffs
  3 wraiths (D:12)
  A shadow (D:11)
  A spriggan (D:8)
  5 wyverns
  6 water elementals
  46 yaks
  A vampire (D:10)
  A ynoxinul (Shoals:1)
  4 basilisks
  A golden eye (shapeshifter) (Vaults:1)
  3 fire elementals (Orc:2)
  A hungry ghost (D:13)
  4 hogs
  A neqoxec (Abyss:2)
  4 vampire mosquitoes (D:15)
  10 wargs
  40 nagas
  An acid dragon (D:15)
  8 soldier ants (Lair:3)
  18 hell hounds
  12 water moccasins
  7 porcupines
  65 orc warriors
  6 sky beasts
  2 ice beasts
  2 small abominations (Abyss:2)
  12 black bears
  20 ogres
  2 phantoms (D:8)
  4 necrophages
  5 boggarts (D:15)
  27 wolves
  15 centaurs
  10 crocodiles
  4 big kobolds
  10 bullfrogs
  An earth elemental (Abyss:2)
  2 wyvern skeletons
  A scorpion (D:11)
  10 killer bees
  4 howler monkeys
  8 wights
  2 electric eels (D:7)
  8 crimson imps
  7 bullfrog zombies
  5 centaur zombies
  2 human zombies (Ossuary)
  9 jellies
  2 bullfrog skeletons
  32 orc priests
  2 hounds
  27 orc wizards
  A centaur skeleton (D:9)
  4 iguanas
  33 worker ants
  4 polar bear simulacra (D:13)
  3 yak simulacra (D:13)
  A wolf simulacrum (D:13)
  A big kobold zombie (Ossuary)
  A hound skeleton (D:6)
  2 mummies (Ossuary)
  15 adders
  3 gnolls (Orc:2)
  2 river rats (Lair:2)
  4 shadow imps
  3 oozes
  2 adder zombies (Ossuary)
  2 worms (D:3)
  2 dart slugs (D:2)
  8 leopard geckos
  107 orcs
  3 ball pythons
  7 giant cockroaches
  13 goblins
  4 hobgoblins
  6 jackals
  6 quokkas
  8 bats
  8 frilled lizards
  14 hobgoblin zombies (Ossuary)
  3 jackal skeletons
  2 jackal zombies
  27 kobolds
  11 kobold zombies (Ossuary)
  A leopard gecko skeleton (D:4)
  4 orc zombies (Ossuary)
  5 rats
  A rat zombie (Ossuary)
  3 river rat simulacra (D:13)
  2 plants (Lair:6)
  A tentacle (Shoals:4)
1264 creatures vanquished.

Vanquished Creatures (collateral kills)
  Rupert (Orc:2)
  Asterion (Snake:1)
  Agnes (Snake:1)
  Kirke (D:13)
  Louise (Shoals:1)
  2 merfolk javelineers (Shoals:4)
  A merfolk impaler (Shoals:4)
  2 hydras
  An anaconda (Snake:1)
  A merfolk avatar (Shoals:4)
  Erica (D:11)
  3 death yaks (Lair:6)
  A two-headed ogre (D:10)
  2 naga sharpshooters (Snake:3)
  2 shock serpents (Snake:3)
  A sea snake (Shoals:4)
  A harpy (Shoals:4)
  3 manticores
  3 fauns (Shoals:2)
  2 deep elf magi (Orc:1)
  3 elephants
  A water nymph (Shoals:4)
  2 naga magi
  Joseph (Lair:1)
  A black mamba (Lair:2)
  A merfolk siren (Shoals:2)
  A torpor snail (Lair:6)
  5 spiny frogs
  2 komodo dragons
  3 merfolk
  3 hornets (Lair:6)
  3 blink frogs
  A wind drake (Shoals:4)
  3 tyrant leeches (Lair:6)
  2 yaks (Lair:3)
  2 basilisks (Lair:3)
  A naga (Snake:1)
  2 water moccasins
  3 porcupines
  An orc warrior (D:13)
  A black bear (Lair:6)
  An ogre (Orc:2)
  3 centaurs
  A crocodile (Lair:6)
  A bullfrog (Lair:4)
  4 hell rats (Lair:2)
  A hound skeleton (D:9)
  A river rat (Lair:2)
  2 orcs (Orc:2)
  A rat (Lair:2)
  A fungus (Lair:5)
  2 plants (Lair:4)
  2 tentacles (Shoals:4)
93 creatures vanquished.

Vanquished Creatures (others)
  Ilsuiw (Shoals:4)
  A hydra (Lair:6)
  A wind drake (Shoals:2)
  An orc warrior (D:13)
  14 fungi
  25 plants
  11 tentacles (Shoals:4)
54 creatures vanquished.

Grand Total: 1411 creatures vanquished

Notes
Turn   | Place    | Note
-------+----------+-------------------------------------------
     0 | D:1      | Gorice the Demonspawn Wanderer began the quest for the Orb.
     0 | D:1      | Gorice set off with: a +2 quarterstaff, a potion of curing, a +0 hand axe, a +0 robe, a bread ration {!e}
     0 | D:1      | Reached XP level 1. HP: 13/13 MP: 2/2
    62 | D:1      | HP: 2/13 [leopard gecko (4)]
   187 | D:1      | Reached skill level 4 in Staves
   259 | D:1      | Gained mutation: You have a pair of small antennae on your head. [demonic ancestry]
   259 | D:1      | Reached XP level 2. HP: 19/19 MP: 3/3
   680 | D:2      | Reached XP level 3. HP: 24/24 MP: 4/4
  1190 | D:2      | Gained mutation: You are immune to rotting. [demonic ancestry]
  1190 | D:2      | Reached XP level 4. HP: 30/30 MP: 5/5
  1211 | D:2      | Reached skill level 2 in Armour
  1348 | D:2      | Reached skill level 5 in Staves
  1585 | D:3      | Noticed a dagger
  1586 | D:3      | Noticed a dagger
  1593 | D:3      | Found a hide-covered altar of Uskayaw.
  1629 | D:3      | Noticed a hippogriff
  1643 | D:3      | Killed a hippogriff
  1643 | D:3      | Reached skill level 3 in Armour
  1643 | D:3      | Gained mutation: You have a pair of antennae on your head. [demonic ancestry]
  1643 | D:3      | Reached XP level 5. HP: 22/35 MP: 6/6
  1643 | D:3      | Gained mutation: You have large cloven feet. [demonic ancestry]
  1643 | D:3      | Reached XP level 6. HP: 26/41 MP: 7/7
  1759 | D:3      | Found a radiant altar of Vehumet.
  1798 | D:3      | Reached skill level 6 in Staves
  1806 | D:3      | Found a snail-covered altar of Cheibriados.
  2023 | D:3      | Found a sacrificial altar of Ru.
  2108 | D:3      | Found a sparkling altar of Nemelex Xobeh.
  2120 | D:3      | Became a worshipper of Nemelex Xobeh the Trickster
  2279 | D:4      | Received a gift from Nemelex Xobeh
  2310 | D:4      | Found a staircase to the Ecumenical Temple.
  2325 | Temple   | Entered the Ecumenical Temple
  2591 | D:4      | Noticed Gorice's ghost (novice DsWn)
  3003 | D:4      | Reached * piety under Nemelex Xobeh
  3220 | D:4      | Gained mutation: You are slightly more attuned to the shadows. [demonic ancestry]
  3220 | D:4      | Reached XP level 7. HP: 38/46 MP: 8/8
  3288 | D:4      | Found a burning altar of Makhleb.
  3366 | D:4      | HP: 13/46 [quokka[Gorice's ghost] (2)]
  4026 | D:4      | Found Lejoat Ewee's General Store.
  4119 | D:4      | Reached skill level 7 in Staves
  4119 | D:4      | Reached skill level 4 in Armour
  4243 | D:4      | Found a faded altar of an unknown god.
  4245 | D:4      | Found a glowing silver altar of Zin.
  4246 | D:4      | Found a stormy altar of Qazlal.
  4249 | D:4      | Found a faded altar of an unknown god.
  4359 | D:5      | Entered Level 5 of the Dungeon
  4412 | D:5      | Found a white marble altar of Elyvilon.
  4469 | D:5      | Found a sand-covered staircase.
  4597 | Ossuary  | Entered an ossuary
  5306 | D:5      | Reached ** piety under Nemelex Xobeh
  5327 | D:5      | Found a shadowy altar of Dithmenos.
  5356 | D:5      | Reached skill level 8 in Staves
  5356 | D:5      | Gained mutation: You have sharp fingernails. [demonic ancestry]
  5356 | D:5      | Reached XP level 8. HP: 44/52 MP: 9/9
  5373 | D:5      | Found Dacziep's Weapon Shoppe.
  5418 | D:5      | Found a burning altar of Makhleb.
  5418 | D:5      | Noticed an Executioner
  5422 | D:5      | Noticed a smoke demon
  5422 | D:5      | Noticed an orange demon
  5491 | D:5      | Reached skill level 5 in Armour
  5491 | D:5      | Reached skill level 1 in Unarmed Combat
  5757 | D:5      | Reached skill level 2 in Unarmed Combat
  5793 | D:6      | Reached skill level 3 in Unarmed Combat
  6128 | D:6      | HP: 15/52 [centaur (1)]
  6130 | D:6      | Reached skill level 4 in Unarmed Combat
  6394 | D:6      | Reached skill level 6 in Armour
  6524 | D:6      | Reached skill level 5 in Unarmed Combat
  6549 | D:6      | HP: 15/52 [orc warrior/war axe (10)]
  6554 | D:6      | Gained mutation: You have very sharp fingernails. [demonic ancestry]
  6554 | D:6      | Reached XP level 9. HP: 17/57 MP: 10/10
  6582 | D:6      | HP: 14/57 [orc wizard/magic dart (7)]
  7167 | D:6      | Found a shattered altar of Ashenzari.
  7660 | D:7      | Found a flagged portal.
  7685 | Bailey   | Entered a bailey
  7690 | Bailey   | Noticed stickyfingers's ghost (novice TeEE)
  7925 | D:7      | Reached skill level 6 in Unarmed Combat
  7948 | D:7      | HP: 17/57 [killer bee (7)]
  7953 | D:6      | HP: 8/57 [poisoned by a killer bee]
  7958 | D:6      | HP: 12/57 [killer bee (7)]
  7964 | D:6      | HP: 6/57 [killer bee (3)]
  7993 | D:6      | HP: 17/57 [poisoned by a killer bee]
  8686 | D:7      | Found a shimmering altar of Xom.
  8910 | D:7      | Reached *** piety under Nemelex Xobeh
  9173 | D:8      | Received a gift from Nemelex Xobeh
  9429 | D:8      | Reached skill level 7 in Armour
  9429 | D:8      | Reached skill level 7 in Unarmed Combat
  9728 | D:8      | Noticed nikopol's ghost (novice DEFE)
 10106 | D:8      | Noticed a two-headed ogre
 10456 | D:8      | Killed a two-headed ogre
 10456 | D:8      | Reached skill level 8 in Unarmed Combat
 10456 | D:8      | Reached XP level 10. HP: 63/63 MP: 11/11
 10839 | D:9      | Received a gift from Nemelex Xobeh
 10935 | D:9      | Found Dock's Armour Shop.
 11012 | D:9      | Noticed a six-headed hydra
 11029 | D:9      | HP: 18/63 [six-headed hydra (2)]
 11030 | D:9      | Killed a six-headed hydra
 11030 | D:9      | Reached skill level 8 in Armour
 11030 | D:9      | Reached skill level 9 in Unarmed Combat
 11761 | D:9      | HP: 16/63 [killer bee (3)]
 12416 | D:10     | Entered Level 10 of the Dungeon
 12449 | D:10     | Reached **** piety under Nemelex Xobeh
 12550 | D:10     | Reached skill level 10 in Unarmed Combat
 12572 | D:10     | Received a gift from Nemelex Xobeh
 12649 | D:10     | Noticed a two-headed ogre
 12652 | D:10     | HP: 18/63 [two-headed ogre/giant club (11)]
 12684 | D:10     | Killed a two-headed ogre
 13206 | D:10     | Received a gift from Nemelex Xobeh
 13364 | D:10     | Reached skill level 9 in Armour
 13408 | D:10     | Killed an unseen horror
 13408 | D:10     | Gained mutation: You have hoof-like feet. [demonic ancestry]
 13408 | D:10     | Reached XP level 11. HP: 32/68 MP: 12/12
 13919 | D:11     | Noticed Erica
 13934 | D:11     | Killed Erica
 13934 | D:11     | Reached skill level 3 in Evocations
 14001 | D:11     | Found an iron altar of Okawaru.
 14001 | D:11     | Noticed an orc warlord
 14002 | D:11     | Noticed a deep elf knight
 14218 | D:11     | Found Jiejitus's Distillery.
 14224 | D:11     | Got a transparent copper ring
 14225 | D:11     | Identified the ring "Jathus" {Int+3 Stlth-} (You found it on level 11 of the Dungeon)
 14242 | D:11     | Received a gift from Nemelex Xobeh
 14285 | D:11     | Found Giuck's Antique Armour Boutique.
 14365 | D:11     | Reached ***** piety under Nemelex Xobeh
 14367 | D:11     | Found a staircase to the Lair.
 14382 | D:11     | Reached skill level 11 in Unarmed Combat
 14416 | D:11     | Found Senkekk's Magic Scroll Shop.
 14722 | D:11     | Received a gift from Nemelex Xobeh
 14786 | D:11     | Found Moyhenuy's Book Emporium.
 14950 | D:11     | Reached skill level 4 in Evocations
 14982 | D:11     | Found Fedosmocw's Book Emporium.
 15276 | Lair:1   | Entered Level 1 of the Lair of Beasts
 15564 | Lair:1   | Noticed Joseph
 15569 | Lair:1   | HP: 20/68 [poisoned by a spiny frog]
 15569 | Lair:1   | Killed Joseph
 15574 | Lair:1   | HP: 15/68 [poisoned by a spiny frog]
 15579 | Lair:1   | HP: 12/68 [poisoned by a spiny frog]
 15584 | Lair:1   | HP: 10/68 [poisoned by a spiny frog]
 15591 | Lair:1   | HP: 8/68 [poisoned by a spiny frog]
 15598 | Lair:1   | HP: 8/68 [poisoned by a spiny frog]
 15606 | Lair:1   | HP: 7/68 [poisoned by a spiny frog]
 16316 | Lair:1   | Noticed an oklob plant
 16316 | Lair:1   | Noticed an oklob plant
 16316 | Lair:1   | Noticed an oklob plant
 16427 | Lair:1   | Reached skill level 5 in Evocations
 16452 | Lair:1   | Received a gift from Nemelex Xobeh
 16647 | Lair:1   | Received a gift from Nemelex Xobeh
 16649 | Lair:1   | Noticed Sonja
 16654 | Lair:1   | Killed Sonja
 16785 | Lair:1   | Reached skill level 10 in Armour
 17011 | Lair:2   | Received a gift from Nemelex Xobeh
 17041 | Lair:2   | Reached skill level 12 in Unarmed Combat
 17538 | Lair:2   | Received a gift from Nemelex Xobeh
 17557 | Lair:2   | Reached XP level 12. HP: 74/74 MP: 16/16
 18088 | Lair:2   | Received a gift from Nemelex Xobeh
 18250 | Lair:2   | Reached skill level 6 in Evocations
 19346 | Lair:3   | Received a gift from Nemelex Xobeh
 19742 | Lair:3   | Noticed a queen ant
 19787 | Lair:3   | Killed a queen ant
 19787 | Lair:3   | Reached skill level 13 in Unarmed Combat
 20069 | Lair:3   | Reached skill level 7 in Evocations
 20152 | Lair:4   | Found a staircase to the Snake Pit.
 20155 | Lair:4   | Reached ****** piety under Nemelex Xobeh
 20260 | Lair:4   | Found a staircase to the Shoals.
 20381 | Lair:4   | Received a gift from Nemelex Xobeh
 20790 | Lair:4   | Identified the Grimoire of the Cricket
 21320 | Lair:5   | Reached skill level 11 in Armour
 21347 | Lair:5   | HP: 13/74 [blink frog (13)]
 21360 | Lair:5   | HP: 18/74 [blink frog (13)]
 21363 | Lair:5   | Received a gift from Nemelex Xobeh
 21941 | Lair:5   | Reached XP level 13. HP: 57/79 MP: 18/18
 22309 | Lair:5   | Reached skill level 8 in Evocations
 22624 | Lair:6   | Entered Level 6 of the Lair of Beasts
 22645 | Lair:6   | Reached skill level 1 in Invocations
 22828 | Lair:6   | Received a gift from Nemelex Xobeh
 22877 | Lair:6   | Reached skill level 2 in Invocations
 22974 | Lair:6   | Reached skill level 14 in Unarmed Combat
 23463 | Lair:6   | Reached skill level 3 in Invocations
 23780 | Lair:6   | Reached skill level 4 in Invocations
 24091 | Lair:6   | Found a staircase to the Slime Pits.
 24134 | Lair:6   | HP: 21/79 [acid (15)]
 24135 | Lair:6   | HP: 10/79 [acid (12)]
 24140 | Lair:6   | HP: 14/79 [acid (2)]
 25004 | Lair:6   | Reached skill level 5 in Invocations
 25746 | Lair:6   | Reached skill level 6 in Invocations
 25895 | Lair:6   | Got a steaming steel amulet
 25902 | Lair:6   | Identified the amulet "Zigyile" {Spirit rElec rPois Str+4} (You found it on level 6 of the Lair of Beasts)
 26125 | Lair:6   | Reached skill level 12 in Armour
 26463 | Lair:6   | Found a runed door.
 26555 | Lair:6   | Reached skill level 15 in Unarmed Combat
 26557 | Lair:6   | HP: 9/79 [tyrant leech (16)]
 26911 | Lair:6   | Gained mutation: You resist negative energy. (rN+) [demonic ancestry]
 26911 | Lair:6   | Reached XP level 14. HP: 73/85 MP: 16/20
 27244 | Lair:6   | Reached skill level 7 in Invocations
 27414 | D:11     | Bought a scroll of fear for 59 gold pieces
 27414 | D:11     | Bought a scroll of teleportation for 51 gold pieces
 27694 | D:11     | Got a fine leather armour
 27871 | D:11     | Received a gift from Nemelex Xobeh
 27905 | D:11     | --GD scales from Oka temple - handy!
 27950 | D:11     | Got a pair of ancient gloves
 28021 | D:11     | Identified the cursed +0 pair of gloves of Ziuded {Stlth+} (You found it on level 11 of the Dungeon)
 28022 | D:11     | Identified the cursed +0 leather armour "Syfrikliss" {Str+4 Int+4 Dex-5} (You took it off a deep elf knight on level 11 of the Dungeon)
 28071 | D:11     | Killed an orc warlord
 28079 | D:11     | Got a bloodstained scarf
 28104 | D:11     | Identified the scarf "Gibreu" {rN+} (You found it on level 11 of the Dungeon)
 28784 | D:12     | Found a staircase to the Orcish Mines.
 28919 | D:12     | Found the +5 scythe "Finisher" {speed, Str+3}
 29013 | D:12     | Received a gift from Nemelex Xobeh
 29030 | D:12     | Reached skill level 8 in Invocations
 29160 | Orc:1    | Entered Level 1 of the Orcish Mines
 29316 | Orc:1    | Found Qyboim's Food Boutique.
 29470 | Orc:1    | Found a roughly hewn altar of Beogh.
 29519 | Orc:1    | Reached skill level 1 in Fighting
 29656 | Orc:1    | Reached skill level 2 in Fighting
 30328 | Orc:2    | Entered Level 2 of the Orcish Mines
 30704 | Orc:2    | Noticed Rupert
 30714 | Orc:2    | Killed Rupert
 30900 | Orc:2    | Found a runed door.
 30928 | Orc:2    | Reached skill level 3 in Fighting
 31045 | Orc:2    | Noticed Nessos
 31059 | Orc:2    | Killed Nessos
 31059 | Orc:2    | Reached skill level 16 in Unarmed Combat
 31201 | Orc:2    | Found a staircase to the Elven Halls.
 31402 | Orc:2    | Received a gift from Nemelex Xobeh
 31770 | Orc:2    | Reached skill level 2 in Dodging
 31965 | Orc:2    | Found a runed door.
 32010 | Orc:2    | Noticed Azrael
 32027 | Orc:2    | Killed Azrael
 32027 | Orc:2    | Reached skill level 4 in Fighting
 32732 | Orc:2    | Reached skill level 13 in Armour
 32938 | Orc:2    | Reached skill level 3 in Dodging
 33038 | Orc:2    | Found Meubank's Antique Armour Emporium.
 33040 | Orc:2    | Found Deyrotwa's Magic Scroll Shoppe.
 33040 | Orc:2    | Found Caygimos's General Store.
 33040 | Orc:2    | Found Umemob's Magic Scroll Emporium.
 33057 | Orc:2    | Bought a scroll of identify for 22 gold pieces
 33057 | Orc:2    | Bought a scroll of fog for 22 gold pieces
 33057 | Orc:2    | Bought a scroll of identify for 22 gold pieces
 33059 | Orc:2    | Bought a scroll of teleportation for 39 gold pieces
 33126 | Orc:2    | Found the +10 large shield of Ignorance {rN+ Int-4}
 33157 | Orc:2    | Noticed a stone giant
 33356 | D:13     | Noticed Kirke
 33364 | D:12     | Reached XP level 15. HP: 96/101 MP: 19/21
 33445 | D:13     | Noticed a sphinx
 33453 | D:13     | HP: 30/102 [sphinx/divine providence[Kirke] (10)]
 33864 | D:13     | Received a gift from Nemelex Xobeh
 33887 | D:13     | Noticed Snorg
 33908 | D:13     | Killed Snorg
 33908 | D:13     | Reached skill level 5 in Fighting
 34059 | D:13     | Noticed Frances
 34070 | D:13     | Killed Frances
 34387 | D:13     | Identified Pidamaoc's Papyrus of Conjuration and the Birds
 34403 | D:13     | Found an ancient bone altar of Kikubaaqudgha.
 34407 | D:13     | Killed Kirke
 34407 | D:13     | Reached skill level 4 in Dodging
 34542 | D:13     | HP: 29/103 [orc knight/great sword (10)]
 34591 | D:13     | HP: 28/103 [centaur warrior/arrow (4)]
 34602 | D:13     | HP: 30/104 [centaur/arrow[a centaur warrior] (1)]
 34607 | D:13     | HP: 26/104 [centaur/arrow[a centaur warrior] (5)]
 35178 | D:13     | Received a gift from Nemelex Xobeh
 35231 | D:13     | Found a gate to the Vaults.
 35335 | D:13     | Reached skill level 6 in Fighting
 35543 | D:13     | Identified the cursed +1 leather armour of Defiance {MR+ rCorr} (You took it off Kirke on level 13 of the Dungeon)
 35770 | D:14     | Reached skill level 5 in Dodging
 36099 | D:14     | Received a gift from Nemelex Xobeh
 36446 | D:14     | You fall through a shaft!
 36446 | D:15     | Entered Level 15 of the Dungeon
 36452 | D:15     | Received a gift from Nemelex Xobeh
 36485 | D:15     | Reached skill level 7 in Fighting
 36488 | D:15     | HP: 30/108 [two-headed ogre/giant club (13)]
 36498 | D:14     | HP: 21/108 [two-headed ogre/giant club (12)]
 36515 | D:14     | Found Arpho Zam's Armour Shop.
 37133 | D:15     | Reached skill level 6 in Dodging
 37489 | D:15     | Received a gift from Nemelex Xobeh
 37905 | D:15     | Reached skill level 14 in Armour
 38108 | D:14     | Reached skill level 8 in Fighting
 38775 | D:15     | Reached skill level 7 in Dodging
 38799 | D:15     | Received a gift from Nemelex Xobeh
 39190 | D:15     | Gained mutation: You are significantly more attuned to the shadows. [demonic ancestry]
 39190 | D:15     | Reached XP level 16. HP: 113/118 MP: 20/22
 39213 | D:15     | Noticed a quicksilver dragon
 39220 | D:15     | Killed a quicksilver dragon
 39442 | D:15     | Found a staircase to the Depths.
 39882 | Snake:1  | Entered Level 1 of the Snake Pit
 39924 | Snake:1  | Received a gift from Nemelex Xobeh
 40549 | Snake:1  | Reached skill level 9 in Fighting
 40578 | Snake:1  | HP: 32/120 [anaconda (5)]
 40581 | Snake:1  | HP: 14/120 [naga warrior/trident (11)]
 40599 | Snake:1  | HP: 16/120 [naga/glaive (3)]
 41155 | Snake:1  | Received a gift from Nemelex Xobeh
 41159 | Snake:1  | Noticed Asterion
 41166 | Snake:1  | Killed Asterion
 41166 | Snake:1  | Reached skill level 8 in Dodging
 41603 | Snake:1  | Noticed Agnes
 41614 | Snake:1  | Killed Agnes
 42457 | Snake:2  | Reached skill level 10 in Fighting
 42875 | Snake:2  | Reached skill level 15 in Armour
 42933 | Snake:2  | HP: 35/123 [salamander/halberd (2)]
 43281 | Snake:2  | Received a gift from Nemelex Xobeh
 43975 | Snake:3  | Noticed Aizul
 43991 | Snake:3  | Killed Aizul
 44348 | Snake:3  | Noticed EvilAshe's ghost (journeyman DsFE)
 44604 | Snake:3  | Received a gift from Nemelex Xobeh
 44641 | Snake:3  | Noticed Vashnia
 44667 | Snake:3  | Reached skill level 11 in Fighting
 44673 | Snake:3  | HP: 34/125 [Vashnia/arrow (13)]
 44685 | Snake:3  | HP: 19/125 [shock serpent/electric aura (18)]
 45351 | Snake:3  | HP: 37/125 [Vashnia/arrow (7)]
 45352 | Snake:3  | Killed Vashnia
 46192 | Snake:3  | Killed EvilAshe's ghost
 46192 | Snake:3  | Gained mutation: You have hooves in place of feet. [demonic ancestry]
 46192 | Snake:3  | Reached XP level 17. HP: 131/131 MP: 23/23
 46505 | Shoals:1 | Entered Level 1 of the Shoals
 46505 | Shoals:1 | Noticed Louise
 46509 | Shoals:1 | Cast into level 2 of the Abyss (Louise)
 46693 | Abyss:2  | Received a gift from Nemelex Xobeh
 46765 | Abyss:2  | Found a snail-covered altar of Cheibriados.
 46805 | Abyss:2  | Noticed a lich
 46906 | Shoals:1 | Escaped the Abyss
 46917 | Shoals:1 | Killed Louise
 46981 | Shoals:1 | Received a gift from Nemelex Xobeh
 47059 | Shoals:1 | Noticed Roxanne
 47303 | Shoals:1 | Received a gift from Nemelex Xobeh
 47698 | Shoals:2 | Received a gift from Nemelex Xobeh
 47777 | Shoals:2 | Received a gift from Nemelex Xobeh
 47975 | Shoals:2 | Reached skill level 12 in Fighting
 48016 | Shoals:2 | HP: 38/133 [manticore/volley of spikes (17)]
 48026 | Shoals:2 | HP: 34/133 [drowned by a water nymph (10)]
 48045 | Shoals:2 | HP: 30/133 [faun/sling bullet (10)]
 48407 | Shoals:2 | Reached skill level 16 in Armour
 49264 | Shoals:2 | Received a gift from Nemelex Xobeh
 50391 | Shoals:3 | Received a gift from Nemelex Xobeh
 50947 | Snake:4  | Entered Level 4 of the Snake Pit
 51293 | Snake:4  | Reached skill level 13 in Fighting
 51862 | Snake:4  | Received a gift from Nemelex Xobeh
 52705 | Snake:4  | HP: 40/137 [naga sharpshooter/arrow (8)]
 52710 | Snake:4  | HP: 29/137 [naga ritualist/lance of force (10)]
 52716 | Snake:3  | HP: 27/137 [poisoned by a naga ritualist (splash of poison)]
 52721 | Snake:3  | HP: 26/137 [poisoned by a naga ritualist (splash of poison)]
 52727 | Snake:3  | HP: 26/137 [poisoned by a naga ritualist (splash of poison)]
 52735 | Snake:3  | HP: 26/137 [poisoned by a naga ritualist (splash of poison)]
 53588 | Snake:4  | Reached skill level 17 in Unarmed Combat
 53772 | Snake:4  | Gained mutation: You have claws for hands. [demonic ancestry]
 53772 | Snake:4  | Reached XP level 18. HP: 142/145 MP: 24/24
 53880 | Snake:4  | Reached skill level 14 in Fighting
 54022 | Snake:4  | HP: 32/146 [nagaraja/orb of energy (22)]
 54027 | Snake:4  | HP: 33/146 [nagaraja/bolt of poison (2)]
 54406 | Snake:4  | Got a serpentine rune of Zot
 54738 | Shoals:4 | Entered Level 4 of the Shoals
 54743 | Shoals:4 | Received a gift from Nemelex Xobeh
 54806 | Shoals:4 | Got a smoking brass ring
 54807 | Shoals:4 | Identified the ring "Puxkuvuivva" {rC+ rN+ AC+2 Dex+3} (You found it on level 4 of the Shoals)
 55081 | Shoals:4 | HP: 43/146 [poisoned by a merfolk impaler]
 55086 | Shoals:4 | HP: 40/146 [poisoned by a merfolk impaler]
 55091 | Shoals:4 | HP: 29/146 [poisoned by a merfolk impaler]
 55096 | Shoals:4 | HP: 22/147 [poisoned by a merfolk impaler]
 55101 | Shoals:4 | HP: 20/147 [poisoned by a merfolk impaler]
 55106 | Shoals:4 | HP: 18/147 [poisoned by a merfolk impaler]
 55111 | Shoals:4 | HP: 18/147 [poisoned by a merfolk impaler]
 55113 | Shoals:4 | Got a barnacled rune of Zot
 55116 | Shoals:4 | HP: 18/147 [poisoned by a merfolk impaler]
 55124 | Shoals:4 | HP: 19/147 [poisoned by a merfolk impaler]
 55563 | Shoals:4 | HP: 44/147 [manticore (3)]
 55978 | Shoals:4 | HP: 44/147 [drowned by a water nymph (6)]
 56993 | Shoals:4 | Received a gift from Nemelex Xobeh
 57333 | Shoals:4 | HP: 38/147 [tentacle[a kraken] (12)]
 57353 | Shoals:3 | HP: 25/147 [cyclops/large rock (7)]
 57354 | Shoals:3 | HP: 7/147 [cyclops/large rock (18)]
 57776 | Shoals:4 | Got a clouded jade ring
 57780 | Shoals:4 | Identified the ring "Ibboh" {rC+ Int+5 SInv} (You found it on level 4 of the Shoals)
 58101 | Shoals:4 | Noticed Ilsuiw
 58130 | Shoals:4 | Killed Ilsuiw
 58442 | Shoals:4 | Reached skill level 15 in Fighting
 59626 | Vaults:1 | Entered Level 1 of the Vaults
 59906 | Vaults:1 | Reached skill level 18 in Unarmed Combat
 60307 | Vaults:1 | Received a gift from Nemelex Xobeh
 60923 | Vaults:1 | HP: 35/151 [vault warden/long sword of holy wrath (35)]
 60923 | Vaults:1 | Mangled by a vault warden

Vault maps used:
D:1:      lightli_arrival_isolated_outpost
D:3:      nicolae_ru_path_of_blood, cheibriados_altar_1, marbit_many_paths,
          old_standard_altar, dancing_weapons_uskayaw
D:4:      chequers_temple_overflow_minitemple, temple_fountains, serial_forest,
          infiniplex_forest_straight_2, infiniplex_forest_diagonal,
          infiniplex_forest_lined_room_3, infiniplex_forest_lined_2,
          infiniplex_forest_clump_medium, infiniplex_forest_straight_3,
          serial_shops, nicolae_shop_competitors_out_of_business, first_bread
D:5:      nicolae_overflow_crystal_walls, elyvilon_altar_5, serial_shops,
          nicolae_shop_statue_plus, enter_ossuary_1, makhleb_altar_promises_db
D:6:      lemuel_round_altar, hangedman_abyss_or_decor_passed, minmay_liquid_box
D:7:      xom_teletrap_fun, enter_bailey_3, minivault_14
D:8:      the_bakery
D:9:      serial_shops, shop
D:10:     minmay_misc_feat_nine_boxes
D:11:     evilmike_iron_armoury, david_lair_generic, serial_shops, shop,
          nicolae_shop_behind_doors, nicolae_shop_crystal, shop, shop,
          uniq_erica
D:12:     david_orc_4, minmay_guarded_unrand_finisher
D:13:     david_vaults_2, basic_altar, eino_house_with_fridge, uniq_kirke,
          uniq_frances, uniq_snorg
D:14:     serial_shops, shop, nicolae_two_hexagons
D:15:     gammafunk_enter_depths_forms
Temple:   jpeg_temple_alley_garden
Lair:1:   minmay_lair_oklob_chamber, uniq_sonja, uniq_joseph
Lair:2:   st_stairs_10, kennysheep_abandoned_house, grunt_megastairs_5
Lair:3:   hangedman_lair_unloving_vines, st_stairs_8, zaba_antful_of_joy
Lair:4:   minmay_shoals_entry_centaurs, minmay_snake_entry_guardpost_small
Lair:6:   wormcave, hangedman_lair_caniforms_friends,
          nicolae_slime_entry_slimehenge, minivault_26, serial_bayou_pond_e,
          st_stairs_8
Shoals:1: uniq_louise, uniq_roxanne
Shoals:3: st_cyclops
Shoals:4: shoals_end_simple, shoals_ilsuiw_alternative
Snake:1:  uniq_agnes, uniq_asterion
Snake:3:  uniq_vashnia, uniq_aizul
Snake:4:  snake_pit, nicolae_snake_shapes
Orc:1:    basic_altar, serial_shops, nicolae_shop_competitors_out_of_business,
          elves_outpost_lemuel
Orc:2:    st_orc_pillars, chequers_guarded_unrand_ignorance, uniq_rupert,
          uniq_nessos, uniq_azrael
Vaults:1: nicolae_vaults_what_the_h, nicolae_vaults_puzzle_piece,
          nicolae_vaults_disjoint_gnomons, v_misc_25,
          vaults_room_grunt_arrival_ludios, ontoclasm_vaults_ligature,
          v_misc_19, grunt_vaults_hallway_short, hangedman_vaults_corner,
          vaults_standard_mumra_x, vaults_dpeg_doors, vaults_dpeg_cross,
          grunt_vaults_focal, vaults_room_semicircle
Abyss:3:  grunt_abyss_rune_wretched_hive, minivault_22
Ossuary:  ossuary_tomb_1
Bailey:   bailey_axe_1, bailey

Skill      XL: |  1  2  3  4  5  6  7  8  9 10 11 12 13 14 15 16 17 18 |
---------------+-------------------------------------------------------+-----
Staves         | 4 5 6 8 |  8.0
Armour         | 3 4 6 7 9 10 11 12 13 14 15 16 | 16.0
Unarmed Combat | 5 8 10 12 13 15 16 17 18 | 18.2
Evocations     | 5 7 8 |  8.0
Invocations    | 6 8 |  8.0
Fighting       | 4 8 11 13 15 | 15.7
Dodging        | 3 7 8 |  8.1
Axes           | |  1.7

Action                   |  1- 3 |  4- 6 |  7- 9 | 10-12 | 13-15 | 16-18 || total
-------------------------+-------+-------+-------+-------+-------+-------++-------
Melee: Quarterstaff      |    73 |   105 |   597 |   201 |     2 |       ||   978
       Kick              |       |    11 |   151 |   286 |   165 |   464 ||  1077
       Unarmed           |       |       |       |   829 |  2024 |  1770 ||  4623
       Punch             |       |       |       |    40 |   105 |   117 ||   262
 Fire: Blowgun           |       |       |       |     2 |       |       ||     2
Throw: Stone             |     3 |    12 |    31 |       |       |       ||    46
       Tomahawk          |       |       |     7 |    53 |    73 |    15 ||   148
Invok: Stack Five        |       |       |       |       |     1 |       ||     1
 Abil: Evoke Flight      |       |       |       |       |       |    19 ||    19
Evoke: Wand              |       |       |     6 |     4 |    13 |     4 ||    27
       Deck              |       |       |       |    28 |    36 |    53 ||   117
  Use: Potion            |     1 |       |     5 |     2 |     3 |     4 ||    15
       Scroll            |     3 |     9 |    10 |    12 |    10 |     9 ||    53
 Stab: Paralysed         |       |       |    17 |     2 |    11 |     2 ||    32
       Distracted        |       |       |       |     3 |     3 |     2 ||     8
       Petrifying        |       |       |       |       |     1 |       ||     1
       Petrified         |       |       |       |       |     6 |     5 ||    11
  Eat: Chunk             |     1 |    17 |    23 |    37 |    45 |    43 ||   166
       Royal jelly       |       |       |       |       |     2 |    10 ||    12
       Meat ration       |       |       |       |       |       |     2 ||     2
Armor: Ring mail         |    14 |       |       |       |       |       ||    14
       Robe              |     1 |       |       |       |       |       ||     1
       Chain mail        |    11 |    48 |    96 |       |       |       ||   155
       Plate armour      |       |       |   242 |   608 |   340 |       ||  1190
       Skin              |       |       |     5 |       |       |       ||     5
       Gold dragon scale |       |       |       |       |   724 |  1014 ||  1738
Dodge: Dodged            |    45 |    32 |   202 |   448 |   710 |   647 ||  2084

Table legend:
 A = Spawn XP
 B = Non-spawn XP
 C = Spawn XP percentage of total XP
 D = Spawn monster count
 E = Non-spawn monster count
 F = Spawn count percentage of total count
 G = Total turns spent on level
                    A         B        C        D         E        F      G
               +---------+---------+-------+---------+---------+-------+---------
         Total |    4358 |  365108 |   1.2 |      14 |    1337 |   1.0 | 60923
               +---------+---------+-------+---------+---------+-------+---------
           D:1 |       0 |      31 |   0.0 |       0 |      20 |   0.0 |   638
           D:2 |       0 |     107 |   0.0 |       0 |      31 |   0.0 |   841
           D:3 |       0 |     311 |   0.0 |       0 |      18 |   0.0 |  1412
           D:4 |       0 |     443 |   0.0 |       0 |      23 |   0.0 |  1310
           D:5 |       0 |     799 |   0.0 |       0 |      22 |   0.0 |  1262
           D:6 |       0 |    1523 |   0.0 |       0 |      36 |   0.0 |  1707
           D:7 |       0 |     575 |   0.0 |       0 |      21 |   0.0 |  1660
           D:8 |       0 |    2227 |   0.0 |       0 |      31 |   0.0 |  1322
           D:9 |       0 |    2884 |   0.0 |       0 |      35 |   0.0 |  1760
          D:10 |       0 |    2640 |   0.0 |       0 |      22 |   0.0 |  1504
          D:11 |       0 |   10830 |   0.0 |       0 |      56 |   0.0 |  2760
          D:12 |       0 |    4203 |   0.0 |       0 |      34 |   0.0 |   900
          D:13 |       0 |   17462 |   0.0 |       0 |      55 |   0.0 |  2476
          D:14 |       0 |   18088 |   0.0 |       0 |      59 |   0.0 |  2331
          D:15 |       0 |   21315 |   0.0 |       0 |      54 |   0.0 |  1522
        Lair:1 |       0 |    3180 |   0.0 |       0 |      13 |   0.0 |  1768
        Lair:2 |       0 |    3970 |   0.0 |       0 |      33 |   0.0 |  1611
        Lair:3 |       0 |    6808 |   0.0 |       0 |      54 |   0.0 |  1878
        Lair:4 |       0 |    2804 |   0.0 |       0 |      23 |   0.0 |  1282
        Lair:5 |       0 |    7311 |   0.0 |       0 |      26 |   0.0 |  1600
        Lair:6 |       0 |   26815 |   0.0 |       0 |     111 |   0.0 |  4465
      Shoals:1 |     205 |    5507 |   3.6 |       1 |      10 |   9.1 |  1170
      Shoals:2 |       0 |   15784 |   0.0 |       0 |      38 |   0.0 |  1640
      Shoals:3 |       0 |   13280 |   0.0 |       0 |      25 |   0.0 |  1926
      Shoals:4 |       0 |   42423 |   0.0 |       0 |      73 |   0.0 |  3819
       Snake:1 |       0 |   18939 |   0.0 |       0 |      32 |   0.0 |  2070
       Snake:2 |       0 |   18067 |   0.0 |       0 |      39 |   0.0 |  3130
       Snake:3 |       0 |   20625 |   0.0 |       0 |      28 |   0.0 |  1761
       Snake:4 |       0 |   41621 |   0.0 |       0 |      69 |   0.0 |  3112
         Orc:1 |       0 |    8476 |   0.0 |       0 |      40 |   0.0 |  1510
         Orc:2 |       0 |   16979 |   0.0 |       0 |     111 |   0.0 |  2551
      Vaults:1 |       0 |   28501 |   0.0 |       0 |      55 |   0.0 |  1119
       Abyss:2 |    3310 |     389 |  89.5 |      12 |       2 |  85.7 |   304
       Abyss:3 |     843 |       0 | 100.0 |       1 |       0 | 100.0 |    93
       Ossuary |       0 |     191 |   0.0 |       0 |      38 |   0.0 |   452
               +---------+---------+-------+---------+---------+-------+---------

Table legend:
 A = Turns spent in this place as a percentage of turns spent in the entire game.
 B = Non-inter-level travel turns spent in this place as a percentage of non-inter-level travel turns spent in the entire game.
 C = Inter-level travel turns spent in this place as a percentage of turns spent in this place.
 D = Turns resting spent in this place as a percentage of non-inter-level travel turns spent in this place.
 E = Turns spent auto-exploring this place as a percentage of non-inter-level travel turns spent in this place.
 F = Non-inter-level travel turns spent in this place divided by the number of levels of this place that you've seen.
                   A       B       C       D       E      F
               +-------+-------+-------+-------+-------+----------------------
         Total | 100.0 | 100.0 |   6.3 |  40.2 |  24.0 | 1543.2
       Dungeon |  38.4 |  38.2 |   6.8 |  34.3 |  31.7 | 1453.7
        Temple |   0.4 |   0.3 |  22.0 |   0.0 |  89.1 | 184.0
          Lair |  20.7 |  19.8 |  10.2 |  36.0 |  25.6 | 1886.7
        Shoals |  14.0 |  14.2 |   5.4 |  51.4 |  19.3 | 2023.8
     Snake Pit |  16.5 |  17.0 |   3.8 |  54.1 |  16.3 | 2422.8
  Orcish Mines |   6.7 |   7.0 |   1.1 |  34.5 |  12.1 | 2007.5
        Vaults |   1.8 |   2.0 |   0.0 |  37.1 |   7.1 | 1119.0
         Abyss |   0.7 |   0.7 |   0.0 |  15.9 |   0.0 | 198.5
       Ossuary |   0.7 |   0.8 |   0.0 |  24.8 |   0.0 | 452.0
        Bailey |   0.0 |   0.0 |   0.0 |   0.0 |   0.0 |  21.0
               +-------+-------+-------+-------+-------+----------------------

Vault maps used:
D:1:      lightli_arrival_isolated_outpost
D:3:      nicolae_ru_path_of_blood, cheibriados_altar_1, marbit_many_paths,
          old_standard_altar, dancing_weapons_uskayaw
D:4:      chequers_temple_overflow_minitemple, temple_fountains, serial_forest,
          infiniplex_forest_straight_2, infiniplex_forest_diagonal,
          infiniplex_forest_lined_room_3, infiniplex_forest_lined_2,
          infiniplex_forest_clump_medium, infiniplex_forest_straight_3,
          serial_shops, nicolae_shop_competitors_out_of_business, first_bread
D:5:      nicolae_overflow_crystal_walls, elyvilon_altar_5, serial_shops,
          nicolae_shop_statue_plus, enter_ossuary_1, makhleb_altar_promises_db
D:6:      lemuel_round_altar, hangedman_abyss_or_decor_passed, minmay_liquid_box
D:7:      xom_teletrap_fun, enter_bailey_3, minivault_14
D:8:      the_bakery
D:9:      serial_shops, shop
D:10:     minmay_misc_feat_nine_boxes
D:11:     evilmike_iron_armoury, david_lair_generic, serial_shops, shop,
          nicolae_shop_behind_doors, nicolae_shop_crystal, shop, shop,
          uniq_erica
D:12:     david_orc_4, minmay_guarded_unrand_finisher
D:13:     david_vaults_2, basic_altar, eino_house_with_fridge, uniq_kirke,
          uniq_frances, uniq_snorg
D:14:     serial_shops, shop, nicolae_two_hexagons
D:15:     gammafunk_enter_depths_forms
Temple:   jpeg_temple_alley_garden
Lair:1:   minmay_lair_oklob_chamber, uniq_sonja, uniq_joseph
Lair:2:   st_stairs_10, kennysheep_abandoned_house, grunt_megastairs_5
Lair:3:   hangedman_lair_unloving_vines, st_stairs_8, zaba_antful_of_joy
Lair:4:   minmay_shoals_entry_centaurs, minmay_snake_entry_guardpost_small
Lair:6:   wormcave, hangedman_lair_caniforms_friends,
          nicolae_slime_entry_slimehenge, minivault_26, serial_bayou_pond_e,
          st_stairs_8
Shoals:1: uniq_louise, uniq_roxanne
Shoals:3: st_cyclops
Shoals:4: shoals_end_simple, shoals_ilsuiw_alternative
Snake:1:  uniq_agnes, uniq_asterion
Snake:3:  uniq_vashnia, uniq_aizul
Snake:4:  snake_pit, nicolae_snake_shapes
Orc:1:    basic_altar, serial_shops, nicolae_shop_competitors_out_of_business,
          elves_outpost_lemuel
Orc:2:    st_orc_pillars, chequers_guarded_unrand_ignorance, uniq_rupert,
          uniq_nessos, uniq_azrael
Vaults:1: nicolae_vaults_what_the_h, nicolae_vaults_puzzle_piece,
          nicolae_vaults_disjoint_gnomons, v_misc_25,
          vaults_room_grunt_arrival_ludios, ontoclasm_vaults_ligature,
          v_misc_19, grunt_vaults_hallway_short, hangedman_vaults_corner,
          vaults_standard_mumra_x, vaults_dpeg_doors, vaults_dpeg_cross,
          grunt_vaults_focal, vaults_room_semicircle
Abyss:3:  grunt_abyss_rune_wretched_hive, minivault_22
Ossuary:  ossuary_tomb_1
Bailey:   bailey_axe_1, bailey
